 Dungeon Crawl Stone Soup version 0.29.1-15-g9cfb28693d (webtiles) character file.

Game seed: 11153622222389345740

999 112233 the Ducker (level 8, 0/37 HPs)
             Began as a Felid Conjurer on Feb 24, 2023.
             Was an Initiate of Vehumet.
             Killed from afar by an orc wizard (6 damage)
             ... with a puff of flame
             ... on level 8 of the Dungeon.
             The game lasted 00:07:08 (7678 turns).

112233 the Ducker (Felid Conjurer)                  Turns: 7678, Time: 00:07:08

Health: 0/37       AC:  2    Str:  3    XL:     8   Next: 0%
Magic:  18/19      EV: 22    Int: 21    God:    Vehumet [......]
Gold:   326        SH:  0    Dex: 18    Spells: 9/20 levels left
                                        Lives:  0   Deaths: 2

rFire   + . .      SeeInvis +   (weapon unavailable)
rCold   + . .      Faith    .   (shield unavailable)
rNeg    . . .      Spirit   .   (body armour unavailable)
rPois   +          Reflect  .   (helmet unavailable)
rElec   .          Harm     .   (cloak unavailable)
rCorr   .          Rampage  .   (gloves unavailable)
Will    +....                   (boots unavailable)
Stlth   ++........              (no amulet)
HPRegen 0.12/turn               r - ring "Jottyr" {rF+ rC+ Dex+3}
MPRegen 0.16/turn               l - ring of poison resistance

@: quick
A: very small, claws 1, fangs 3, see invisible, speed 1, shaggy fur 2, stealthy
paws, no weapons or thrown items, no armour, multi-lived
a: Renounce Religion


You were on level 8 of the Dungeon.
You worshipped Vehumet.
Vehumet was noncommittal.
You visited 2 branches of the dungeon, and saw 9 of its levels.

You collected 326 gold pieces.

Inventory:

Jewellery
 l - a ring of poison resistance (right paw)
 q - a ring of willpower
 r - the ring "Jottyr" (left paw) {rF+ rC+ Dex+3}
   (You found it on level 4 of the Dungeon)

   [ring of protection from fire]

   Dex:       It affects your dexterity (+3).
   rF:        It protects you from fire.
   rC:        It protects you from cold.
 w - a ring of protection from fire
Wands
 t - a wand of iceblast (7)
 z - a wand of mindburst (6)
 A - a wand of charming (9)
Scrolls
 a - a scroll of butterflies {unknown}
 e - 8 scrolls of identify
 h - 3 scrolls of teleportation
 j - 2 scrolls of blinking {unknown}
 m - a scroll of noise
 u - a scroll of amnesia {unknown}
 v - a scroll of brand weapon {unknown}
 x - a scroll of vulnerability {unknown}
 y - a scroll of enchant armour {unknown}
Potions
 b - a potion of lignification {unknown}
 c - a potion of curing
 d - 2 potions of mutation {unknown}
 f - 2 potions of degeneration {unknown}
 g - a potion of attraction {unknown}
 i - a potion of resistance {unknown}
 k - a potion of might {unknown}
 n - 2 potions of brilliance {unknown}
 o - a potion of invisibility {unknown}
 p - 2 potions of heal wounds {unknown}
 s - a potion of ambrosia {unknown}


   Skills:
 + Level 5.1 Fighting
 + Level 7.5 Dodging
 - Level 2.6 Stealth
 + Level 6.9 Spellcasting
 + Level 6.1 Conjurations


You had 9 spell levels left.
You knew the following spells:

 Your Spells              Type           Power      Damage    Failure   Level
a - Magic Dart            Conj           100%       1d8       1%          1
b - Searing Ray           Conj           66%        2d6       1%          2
c - Iskenderun's Mystic   Conj/Tloc      20%        2d6       26%         4
d - Fulminant Prism       Conj/Hex       10%        3d9       26%         4

Your spell library contained the following spells:

 Spells                   Type           Power      Damage    Failure   Level
 Dazzling Flash           Conj/Hex       40%        N/A       8%          3
 Sting                    Tmut/Pois      28%        1d4       9%          1
 Poisonous Vapours        Pois/Air       14%        N/A       14%         2
 Tukima's Dance           Hex            7%         N/A       26%         3
 Olgreb's Toxic Radiance  Pois           7%         N/A       65%         4
 Blade Hands              Tmut           3%         N/A       94%         5
 Portal Projectile        Hex/Tloc       Unusable   N/A       N/A         3

Dungeon Overview and Level Annotations

Branches:
Dungeon (8/15)             Temple (1/1) D:6
   Lair: D:8-11

Altars:
Gozag
Makhleb
Nemelex Xobeh
Okawaru
Trog
Vehumet
Xom
The Shining One

Annotations:
D:1 exclusion: downstairs
D:3 3 runed translucent doors, exclusion: downstairs, Inglan's ghost, amateur DEEE; McKennaii's ghost, amateur DgSu; Quickbrownfox's ghost, weakling OpEE; laros's ghost, amateur MiBe
D:5 Dowan; Duvessa
D:6 Blork the orc


Innate Abilities, Weirdness & Mutations

You have sharp claws.
You have razor-sharp teeth.
You have supernaturally acute eyesight. (SInv)
You cover ground quickly. (Speed+)
You are covered in thick fur. (AC +2)
Your paws help you pounce on unaware monsters.
You are incapable of wielding weapons or throwing items.
You cannot wear armour.
You gain extra lives every three experience levels.


Message History

The orc wizard barely misses you. The orc completely misses you.
The orc misses you. The orc wizard misses you.
You barely miss the orc wizard.
You bite the orc wizard, but do no damage.
The orc wizard is heavily wounded.
The orc wizard misses you. The orc completely misses you. The orc misses you.
The orc wizard hits you with a +0 dagger.
You scratch the orc wizard but do no damage.
You bite the orc wizard.
The orc wizard is almost dead.
The orc wizard hits you with a +0 dagger.
The orc closely misses you. The orc hits you but does no damage.
The orc wizard misses you.
You scratch the orc wizard.
The orc wizard is almost dead.
The orc wizard misses you.
The orc misses you. x2; The orc closely misses you.
The orc wizard completely misses you.
You scratch the orc wizard but do no damage.
You bite the orc wizard.
You kill the orc wizard!
Vehumet accepts your kill. The orc closely misses you.
The orc wizard misses you. The orc hits you but does no damage.
The orc hits you with a +0 flail.
Welcome back to level 8!
Unknown command.
The orc closely misses you.
The orc wizard points at you and mumbles some strange words.
The puff of flame hits you. You resist. The orc barely misses you.
The orc wizard hits you with a +0 dagger.
The orc misses you. The orc barely misses you. The orc completely misses you.
The orc barely misses you.
The orc wizard gestures at you while chanting.
The magic dart hits you.
* * * LOW HITPOINT WARNING * * *
The orc hits you with a +0 dagger.
* * * LOW HITPOINT WARNING * * *
The orc closely misses you.
The orc wizard gestures at you while chanting.
The puff of flame hits you. You resist.
You die...

# .# #####.# ###
#.....# #.. #.....#
#.#####.....#
#.#<#.oo)...##
#######.#...o@o....+
#.......#...########
#.......'...#
#.......###.#
#.....>.+ ..#
#.......# ### ###
#.......## ....
#.........## .(...
#..........##.....
....c#


You could see an orc wizard and 3 orcs.

Vanquished Creatures
  A two-headed ogre (D:8)
  Menkaure (D:4)
  A sky beast (D:6)
  An orc warrior (D:8)
  An ogre (D:4)
  A phantom (D:4)
  A kobold brigand (D:6)
  2 bullfrogs
  2 scorpions (D:7)
  4 wights (D:8)
  A howler monkey (D:8)
  A jelly (D:7)
  2 hounds
  An iguana (D:4)
  Ijyb (D:4)
  3 orc wizards
  4 gnolls (D:2)
  7 adders
  A shadow imp (D:7)
  A worm (D:4)
  3 dart slugs
  11 orcs
  2 endoplasms
  6 goblins
  10 hobgoblins
  10 jackals
  2 quokkas
  A ball python (D:1)
  9 bats
  2 frilled lizards
  4 kobolds (D:2)
  3 rats
100 creatures vanquished.

Vanquished Creatures (others)
  2 fulminant prisms (D:8)
  2 withered plants (D:3)
4 creatures vanquished.

Grand Total: 104 creatures vanquished

Notes
Turn   | Place    | Note
-------+----------+-------------------------------------------
     0 | D:1      | 112233 the Felid Conjurer began the quest for the Orb.
     0 | D:1      | Reached XP level 1. HP: 7/7 MP: 4/4
   411 | D:1      | Reached XP level 2. HP: 11/11 MP: 3/6
   555 | D:1      | Learned a level 2 spell: Searing Ray
   762 | D:1      | Found a faded altar of an unknown god.
  1378 | D:2      | Reached XP level 3. HP: 14/14 MP: 4/8
  2200 | D:2      | Reached XP level 4. HP: 18/18 MP: 0/11
  3200 | D:3      | Found a runed translucent gate.
  3200 | D:3      | Found a runed translucent gate.
  3226 | D:3      | Found a runed translucent gate.
  3226 | D:3      | Noticed laros's ghost (amateur MiBe)
  3227 | D:3      | Noticed Inglan's ghost (amateur DEEE)
  3227 | D:3      | Noticed McKennaii's ghost (amateur DgSu)
  3227 | D:3      | Noticed Quickbrownfox's ghost (weakling OpEE)
  3316 | D:3      | Learned a level 4 spell: Iskenderun's Mystic Blast
  3502 | D:4      | Noticed an ogre
  3502 | D:4      | Noticed a phantom
  3507 | D:4      | Demolished by an ogre
  3508 | D:4      | Reached XP level 3. HP: -15/14 MP: 6/10
  3545 | D:4      | Noticed Menkaure
  3713 | D:4      | Reached XP level 4. HP: 18/18 MP: 8/11
  4059 | D:4      | Identified the ring "Jottyr" {rF+ rC+ Dex+3}
  4071 | D:4      | Noticed an ogre
  4075 | D:4      | Killed Menkaure
  4076 | D:4      | Reached skill level 1 in Fighting
  4076 | D:4      | Reached skill level 3 in Dodging
  4076 | D:4      | Reached skill level 5 in Spellcasting
  4076 | D:4      | Reached XP level 5. HP: 7/22 MP: 0/13
  4422 | D:4      | Noticed Ijyb
  4688 | D:4      | Killed a phantom
  4689 | D:4      | Gained mutation: You are covered in thick fur. (AC +2)
                  | [Felid growth]
  4689 | D:4      | Reached XP level 6. HP: 7/26 MP: 0/14
  5049 | D:4      | Killed Ijyb
  5050 | D:4      | Reached skill level 4 in Dodging
  5607 | D:4      | You fall into a shaft and drop 2 floors!
  5620 | D:6      | Reached XP level 7. HP: 27/30 MP: 9/16
  5652 | D:6      | Reached skill level 5 in Dodging
  6050 | D:6      | Found a staircase to the Ecumenical Temple.
  6069 | Temple   | Entered the Ecumenical Temple
  6076 | Temple   | Became a worshipper of Vehumet
  6086 | D:6      | Noticed Blork the orc
  6094 | D:5      | Entered Level 5 of the Dungeon
  6094 | D:5      | Noticed Duvessa
  6094 | D:5      | Noticed Dowan
  6869 | D:7      | Reached skill level 5 in Conjurations
  7091 | D:7      | Noticed a hornet
  7322 | D:8      | Reached XP level 8. HP: 36/36 MP: 13/18
  7323 | D:8      | Reached skill level 6 in Dodging
  7333 | D:8      | Learned a level 4 spell: Fulminant Prism
  7412 | D:8      | Noticed a two-headed ogre
  7444 | D:8      | Killed a two-headed ogre
  7445 | D:8      | Reached skill level 5 in Fighting
  7445 | D:8      | Reached skill level 7 in Dodging
  7633 | D:8      | HP: 1/37 [centaur/arrow (11)]
  7635 | D:8      | Shot with an arrow by a centaur
  7636 | D:8      | Reached XP level 7. HP: -1/33 MP: 3/18
  7674 | D:8      | Reached XP level 8. HP: 17/37 MP: 17/19
  7678 | D:8      | Killed from afar by an orc wizard

Illustrated notes

Levels and vault maps discovered:
D:1:      minmay_arrival_semitransparent, layout_basic,
          shapermc_ecumenical_altar_notcrosses, minmay_tetromino_o2
D:2:      layout_basic, minmay_puff
D:3:      layout_rooms, gammafunk_ghost_cemetery, chequers_serial_rivers_micro_e
D:4:      layout_basic, uniq_menkaure, uniq_ijyb
D:5:      layout_loops_ring, mainiacjoe_overflow_alcove_2, uniq_eustachio,
          uniq_prince_ribbit1, uniq_duvessa
D:6:      layout_loops_cross, minmay_temple_entry_offerings,
          minmay_fractal_squares_5, uniq_blork_the_orc
D:7:      layout_basic, mainiacjoe_overflow_cross_hatched, enter_bailey_5
D:8:      layout_basic, minivault_27, nrook_mini_vaults
Temple:   compressed_dpeg_triangle_lava_temple

Skill      XL: |  1  2  3  4  5  6  7  8 |
---------------+-------------------------+-----
Spellcasting   | 3 4 5 6 |  6.9
Fighting       | 1 2 3 5 |  5.1
Dodging        | 3 4 5 7 |  7.5
Conjurations   | 4 5 6 |  6.1
Stealth        | |  2.6

Action                   |  1- 3 |  4- 6 |  7- 9 || total
-------------------------+-------+-------+-------++-------
Melee: Unarmed           |     2 |     1 |    12 ||    15
       Bite              |       |       |     3 ||     3
       Punch             |       |       |     1 ||     1
 Cast: Magic Dart        |    70 |   108 |    40 ||   218
       Searing Ray       |     7 |    14 |    22 ||    43
       Fulminant Prism   |       |       |     2 ||     2
Evoke: Wand              |       |       |     3 ||     3
  Use: Potion            |       |       |     3 ||     3
       Scroll            |       |       |     2 ||     2
Armor: Skin              |     1 |       |     3 ||     4
Dodge: Dodged            |    13 |    27 |    91 ||   131
